 Dungeon Sprint DCSS version 0.28-a0-1435-g82390b3a13 (webtiles) character file.

Game seed: 5381910027152288074

3700 mhtbhm the Severer (level 9, -10/97 HPs)
             Began as a Minotaur Berserker on Jan 9, 2022.
             Was the Champion of Trog.
             Mangled by an orc warrior (17 damage)
             ... in the Dungeon (Sprint III: "The Ten Rune Challenge").
             The game lasted 00:02:47 (1551 turns).

mhtbhm the Severer (Minotaur Berserker)             Turns: 1551, Time: 00:02:47

Health: -10/97     AC:  3    Str: 26    XL:     9   Next: 91%
Magic:  2/2        EV: 15    Int:  4    God:    Trog [******]
Gold:   32         SH:  0    Dex: 10    Spells: 8/8 levels left

rFire   . . .      SeeInvis .   a - +4 battleaxe (antimagic)
rCold   . . .      Faith    .   (shield currently unavailable)
rNeg    . . .      Spirit   .   b - +1 robe
rPois   .          Reflect  .   (helmet restricted)
rElec   .          Harm     .   (no cloak)
rCorr   .          Rampage  .   (no gloves)
Will    .....      Clarity  +   (no boots)
Stlth   +++....... NoTele   +   (no amulet)
HPRegen 0.26/turn               (no ring)
MPRegen 0.08/turn               (no ring)

@: on berserk cooldown, slowed, very slow
A: horns 2, retaliatory headbutt, clarity, MP-powered wands
a: Renounce Religion, Berserk, Trog's Hand, Brothers in Arms


You were in the Dungeon.
You worshipped Trog.
Trog was exalted by your worship.
You visited 1 branch You collected 32 gold pieces.

Inventory:

Hand Weapons
 a - a +4 antimagic battleaxe (weapon)
Armour
 b - a +1 robe (worn)
Scrolls
 i - 2 scrolls of identify {unknown}
 l - a scroll of torment {unknown}
 m - a scroll of enchant weapon {unknown}
 n - a scroll of holy word {unknown}
Potions
 c - a potion of curing
 d - 4 potions of heal wounds
 e - a potion of haste
 f - 2 potions of magic
 g - a potion of berserk rage
 j - a potion of brilliance {unknown}
 k - 3 potions of mutation
 o - a potion of lignification {unknown}
Miscellaneous
 p - a piece from Xom's chessboard (15/15)


   Skills:
 + Level 15.0 Fighting
 + Level 17.5 Axes
 + Level 6.7 Armour
 + Level 10.3 Dodging
 + Level 6.9 Stealth
 + Level 0.7 Evocations


You had 8 spell levels left.
You didn't know any spells.
Your spell library was empty.

Dungeon Overview and Level Annotations

Branches:
Dungeon (1/1)

Altars:
Cheibriados
Dithmenos
Elyvilon
Fedhas
Gozag
Hepliaklqana
Kikubaaqudgha
Makhleb
Nemelex Xobeh
Okawaru
Qazlal
Ru
Sif Muna
Trog
Uskayaw
Vehumet
Wu Jian
Xom
Yredelemnul
Zin
The Shining One
Beogh
Jiyva
Lugonu

Shops:
D :


Innate Abilities, Weirdness & Mutations

You have a pair of horns on your head.
You reflexively headbutt those who attack you in melee.
You possess an exceptional clarity of mind.
You expend magic power (3 MP) to strengthen your wands.


Message History

The orc warrior barely misses you.
Unknown command.
You hit the orc priest.
The orc priest is heavily wounded.
You slice the orc!!
You kill the orc!
Trog accepts your kill. Trog grants you a weapon!
Something appears at your feet!
You see here the +2 lajatang of Mouj {vorpal, rN+}.
The orc hits you from afar with a +0 trident!
The orc warrior closely misses you.
The orc priest hits you with a +0 dagger.
The orc warrior closely misses you.
Unknown command.
Unknown command.
You slice the orc priest!!
You kill the orc priest!
Trog accepts your kill. The orc barely misses you.
The orc warrior hits you from afar with a +0 halberd!
The orc warrior hits you from afar with a +0 trident!
The orc misses you.
Your Fighting skill increases to level 15!
Unknown command.
The orc warrior hits you with a +0 halberd!
* * * LOW HITPOINT WARNING * * *
The orc hits you from afar with a +0 trident.
* * * LOW HITPOINT WARNING * * *
The orc warrior hits you with a +0 trident!
* * * LOW HITPOINT WARNING * * *
The orc warrior hits you with a +0 halberd.
* * * LOW HITPOINT WARNING * * *
Things that are here:
a +0 dagger; a +0 leather armour; 1029 gold pieces Blink to where?
Press: ? - help, Dir - move target
As you read the scroll of blinking, it crumbles to dust.
The orc warrior hits you from afar with a +0 trident!
You die...

▓▓▓ ▓ ##.##############$## #####
##..#___#___#__##$#∩##.$$$+
.#..#.).#__)#)_#.$........#
.#..###'#'###'##.$))o....#
'#..#..........#$ooo....$#
#...'.⌠........#))#)#.#.##
#...#...######'#@)#$# #
....#.⌠.#__#...#'################
....#...#__#..)#....#.#.#)....#..
....#'###__#...##.#..#.##.###.#.^
....#.))#__#...'##.#.#.##.#))##..
....#___#__'...#)..#..#..##.['...
▓▓▓▓▓▓▓▓▓▓▓▓▓▓▓▓▓▓▓▓▓▓▓▓▓▓▓▓▓#..^
#^^^ +^^.


You could see 2 orc warriors and 2 orcs.

Vanquished Creatures
  Erolcha (D)
  An orc high priest (D)
  A deep elf pyromancer (D)
  A shadow (D)
  2 redbacks (D)
  A spatial vortex (D)
  An orc warrior (D)
  A necrophage (D)
  5 two-headed ogres (D)
  A water elemental (D)
  A scorpion (D)
  3 orc priests (D)
  A jelly (D)
  Jessica (D)
  2 orc wizards (D)
  A wizard (D)
  A necromancer (D)
  3 humans (D)
  A kobold demonologist (D)
  7 orcs (D)
  2 endoplasms (D)
  A rat (D)
39 creatures vanquished.

Notes
Turn   | Place    | Note
-------+----------+-------------------------------------------
     0 | D        | mhtbhm the Minotaur Berserker began the quest for the Orb.
     0 | D        | Reached XP level 1. HP: 19/19 MP: 0/0
    11 | D        | Reached skill level 4 in Axes
    63 | D        | Noticed Jessica
    71 | D        | Killed Jessica
    71 | D        | Reached ** piety under Trog
    72 | D        | Reached skill level 5 in Fighting
    72 | D        | Reached skill level 5 in Axes
    72 | D        | Reached XP level 2. HP: 15/29 MP: 1/1
    72 | D        | Reached XP level 3. HP: 18/36 MP: 2/2
   230 | D        | Noticed a scorpion
   236 | D        | Killed a scorpion
   237 | D        | Reached skill level 7 in Axes
   237 | D        | Reached XP level 4. HP: 39/47 MP: 3/3
   244 | D        | Reached *** piety under Trog
   260 | D        | Gained mutation: Your magical capacity is low. (-10% MP)
                  | [potion of mutation]
   262 | D        | Lost mutation: Your magical capacity is low. (-10% MP)
                  | [potion of mutation]
   262 | D        | Gained mutation: You expend magic power (3 MP) to
                  | strengthen your wands. [potion of mutation]
   262 | D        | Gained mutation: You possess an exceptional clarity of
                  | mind. [potion of mutation]
   430 | D        | Noticed a water elemental
   432 | D        | Killed a water elemental
   433 | D        | Reached skill level 8 in Axes
   433 | D        | Reached XP level 5. HP: 55/55 MP: 4/4
   479 | D        | Found a basalt altar of Yredelemnul.
   479 | D        | Found a shadowy altar of Dithmenos.
   479 | D        | Found a sacrificial altar of Ru.
   479 | D        | Noticed a necrophage
   495 | D        | Killed a necrophage
   496 | D        | Reached skill level 10 in Axes
   496 | D        | Reached skill level 5 in Dodging
   498 | D        | Reached skill level 5 in Armour
   498 | D        | Reached XP level 6. HP: 62/64 MP: 5/5
   606 | D        | Found a hide-covered altar of Uskayaw.
   606 | D        | Found an iron altar of Okawaru.
   606 | D        | Found a bloodstained altar of Trog.
   606 | D        | Found an ornate altar of the Wu Jian Council.
   606 | D        | Noticed a human
   607 | D        | Noticed a human
   615 | D        | Killed a human
   615 | D        | Reached **** piety under Trog
   616 | D        | Reached skill level 10 in Fighting
   616 | D        | Reached skill level 11 in Axes
   616 | D        | Reached skill level 1 in Stealth
   616 | D        | Killed a human
   617 | D        | Reached XP level 7. HP: 74/74 MP: 6/6
   675 | D        | Found a glowing silver altar of Zin.
   675 | D        | Found a glowing golden altar of the Shining One.
   675 | D        | Found a white marble altar of Elyvilon.
   676 | D        | Noticed a deep elf pyromancer
   680 | D        | Noticed a fire elemental
   680 | D        | Noticed a fire elemental
   683 | D        | Killed a deep elf pyromancer
   684 | D        | Reached skill level 13 in Axes
   785 | D        | Found a radiant altar of Vehumet.
   785 | D        | Found a shimmering blue altar of Sif Muna.
   785 | D        | Found an ancient bone altar of Kikubaaqudgha.
   787 | D        | Reached ***** piety under Trog
   791 | D        | Reached XP level 8. HP: 85/85 MP: 7/7
   816 | D        | Received a gift from Trog
   923 | D        | Found a blossoming altar of Fedhas.
   923 | D        | Found a stormy altar of Qazlal.
   923 | D        | Found a snail-covered altar of Cheibriados.
   923 | D        | Found a burning altar of Makhleb.
   923 | D        | Found a shimmering altar of Xom.
   924 | D        | Found a hazy altar of Hepliaklqana.
   924 | D        | Found an opulent altar of Gozag.
   924 | D        | Found a sparkling altar of Nemelex Xobeh.
   924 | D        | Found a corrupted altar of Lugonu.
   924 | D        | Found a viscous altar of Jiyva.
   932 | D        | Reached skill level 14 in Axes
  1096 | D        | Noticed a two-headed ogre
  1100 | D        | Killed a two-headed ogre
  1101 | D        | Reached skill level 15 in Axes
  1105 | D        | Noticed a two-headed ogre
  1105 | D        | Noticed Erolcha
  1109 | D        | Killed Erolcha
  1109 | D        | Received a gift from Trog
  1110 | D        | Reached skill level 16 in Axes
  1110 | D        | Reached skill level 5 in Stealth
  1110 | D        | Reached XP level 9. HP: 54/95 MP: 2/8
  1112 | D        | Killed a two-headed ogre
  1113 | D        | Reached skill level 10 in Dodging
  1531 | D        | Found Potye's Book Shop.
  1533 | D        | Noticed an orc high priest
  1541 | D        | Killed an orc high priest
  1541 | D        | Received a gift from Trog
  1542 | D        | Reached skill level 17 in Axes
  1545 | D        | Reached ****** piety under Trog
  1548 | D        | Identified the +2 lajatang of Mouj {vorpal, rN+} (Trog
                  | gifted it to you in the Dungeon)
  1548 | D        | Received a gift from Trog
  1550 | D        | Reached skill level 15 in Fighting
  1551 | D        | Mangled by an orc warrior

Illustrated notes

Levels and vault maps discovered:
D:        dungeon_sprint_mu [sprint_mu_entry_cave, sprint_mu_temple_rooms,
          sprint_mu_d1_spiders, sprint_mu_d2_genie, sprint_mu_d3_branching,
          sprint_mu_orc_legion, sprint_mu_elf_gauntlet, sprint_mu_hive_nellie,
          sprint_mu_lair_fedhas, sprint_mu_vaults_butterflies,
          sprint_mu_slime_circle, sprint_mu_swamp_cave, sprint_mu_snake_twists,
          sprint_mu_blade_basic, sprint_mu_crypt_lich, sprint_mu_tomb_spiral,
          sprint_mu_vestibule_basic, sprint_mu_gehenna_hellfire,
          sprint_mu_dis_giant, sprint_mu_tartarus_statrot,
          sprint_mu_cocytus_islands, sprint_mu_zot1]

Skill      XL: |  1  2  3  4  5  6  7  8  9 |
---------------+----------------------------+-----
Fighting       | 5 7 8 9 11 12 14 15 | 15.0
Axes           | 5 7 8 10 11 13 16 17 | 17.5
Armour         | 3 4 5 6 |  6.7
Dodging        | 3 4 5 7 8 9 10 | 10.3
Stealth        | 1 2 5 6 |  6.9
Evocations     | |  0.7

Action                   |  1- 3 |  4- 6 |  7- 9 || total
-------------------------+-------+-------+-------++-------
Melee: Hand axe          |    16 |    32 |    17 ||    65
       Headbutt          |     3 |     7 |    12 ||    22
       Punch             |     1 |       |       ||     1
       Battleaxe         |       |       |    42 ||    42
Invok: Berserk           |     1 |     3 |     1 ||     5
Evoke: Piece from Xom's  |       |       |     1 ||     1
  Use: Potion            |       |     3 |       ||     3
       Scroll            |       |       |     1 ||     1
 Stab: Sleeping          |       |       |     3 ||     3
       Petrified         |       |       |     3 ||     3
Armor: Animal skin       |     3 |     1 |     1 ||     5
       Robe              |       |       |     2 ||     2
Dodge: Dodged            |     5 |    16 |    41 ||    62

Table legend: (Time is in decaauts)
 A = Elapsed time spent in this place.
 B = Non-inter-level travel time spent in this place.
 C = Inter-level travel time spent in this place.
 D = Time resting spent in this place.
 E = Time spent auto-exploring this place.
 F = Levels seen in this place.
 G = Mean time per level.
                   A        B        C        D        E       F      G
               +--------+--------+--------+--------+--------+-----+--------+
         Total |   1570 |   1570 |      0 |   1163 |     58 |   1 | 1570.0 |
       Dungeon |   1570 |   1570 |      0 |   1163 |     58 |   1 | 1570.0 |
               +--------+--------+--------+--------+--------+-----+--------+

Top non-repeatable levels by time:
       D: 1570 daAuts
